[Event "FIDE WCCC Open-12 2024"]
[Site "Montesilvano"]
[Date "2024.11.25"]
[Round "10.66"]
[White "Lenoks, Martin Jr."]
[Black "Stefanov, Stefan"]
[Result "1-0"]
[ECO "B11"]
[WhiteElo "1514"]
[BlackElo "1478"]
[Annotator "NA RC"]
[PlyCount "85"]
[EventDate "2024.11.18"]
[EventType "swiss"]
[EventCountry "ITA"]
[SourceTitle "playchess.com"]
[Source "ChessBase"]
[SourceQuality "1"]
[TimeControl "5400+30"]

1. e4 c6 2. Nc3 d5 3. Nf3 Bg4 4. exd5 cxd5 5. d4 e6 6. a3 Nc6 7. Bb5 Nf6 8. h3 Bxf3 9. Qxf3 Be7 10. Be3 O-O 11. O-O a6 12. Bxc6 bxc6 13. Rfe1 Rb8 14. Rab1 Qd7 15. Qg3 Nh5 16. Qe5 g6 17. Bh6 Bf6 18. Qe3 Rfd8 19. Ne2 Qe7 20. g4 Ng7 21. g5 Be5 22. Qxe5 Nf5 23. Ng3 Nxh6 24. gxh6 Qf8 25. Qg5 f6 26. Qh4 Qf7 27. Qg4 f5 28. Qg5 Rf8 29. f4 Qa7 30. c3 c5 31. Ne2 cxd4 32. Nxd4 Rbe8 33. h4 Kh8 34. Rbd1 Qb6 35. Rd2 Qa7 36. Rg2 e5 37. Rxe5 Rxe5 38. fxe5 f4 39. Rf2 Qf7 40. e6 Qe8 41. Qe5+ Rf6 42. Qxf6+ Kg8 43. Qg7# 1-0

[Event "FIDE WCCC Open-12 2024"]
[Site "Montesilvano"]
[Date "2024.11.25"]
[Round "10.67"]
[White "Mamarasulov, Husan"]
[Black "Maari Kelly Sosi"]
[Result "1-0"]
[ECO "D50"]
[WhiteElo "1407"]
[BlackElo "1587"]
[Annotator "NA RC"]
[PlyCount "70"]
[EventDate "2024.11.18"]
[EventType "swiss"]
[EventCountry "ITA"]
[SourceTitle "playchess.com"]
[Source "ChessBase"]
[SourceQuality "1"]
[TimeControl "5400+30"]

1. d4 d5 2. c4 e6 3. Nc3 Nf6 4. Bg5 Bb4 5. e3 Nc6 6. Bd3 Bd7 7. Nge2 h6 8. Bxf6 Qxf6 9. a3 Bxc3+ 10. Nxc3 dxc4 11. Bxc4 O-O 12. O-O Rfe8 13. Ne4 Qd8 14. Nc5 Na5 15. Bd3 b6 16. Nxd7 Qxd7 17. b4 Nb7 18. Be4 Rab8 19. Qf3 Nd6 20. Bc6 Qd8 21. Bxe8 Qxe8 22. e4 Nc4 23. Qc3 b5 24. e5 Qd7 25. a4 Qe8 26. axb5 Qxb5 27. Rfc1 Nb6 28. Qxc7 Nd5 29. Qxa7 Qxb4 30. Qc5 Qb7 31. Qc2 Nf4 32. f3 Nd5 33. Rab1 Qa7 34. Rxb8+ Qxb8 35. Qc8+ Qxc8 1-0

[Event "FIDE WCCC Open-12 2024"]
[Site "Montesilvano"]
[Date "2024.11.25"]
[Round "10.71"]
[White "Lin, Alex Y"]
[Black "Sharafutdinov, Timur"]
[Result "0-1"]
[ECO "A13"]
[WhiteElo "1943"]
[BlackElo "1925"]
[Annotator "NA RC"]
[PlyCount "64"]
[EventDate "2024.11.18"]
[EventType "swiss"]
[EventCountry "ITA"]
[SourceTitle "playchess.com"]
[Source "ChessBase"]
[SourceQuality "1"]
[TimeControl "5400+30"]

1. c4 e6 2. d3 d5 3. cxd5 exd5 4. e3 Nf6 5. Be2 Bd6 6. Nf3 Bg4 7. Nbd2 Nc6 8. O-O O-O 9. h3 Bh5 10. a3 Qd7 11. b4 Bxf3 12. Nxf3 Ne5 13. Bb2 Qe7 14. Nxe5 Bxe5 15. Bxe5 Qxe5 16. d4 Qe7 17. f3 Qxe3+ 18. Kh1 Nh5 19. Qe1 Rfe8 20. Ra2 Nf4 21. Qf2 Nxe2 22. Rxe2 Qxe2 23. Qxe2 Rxe2 24. Rc1 c6 25. Kg1 Ra2 26. Rc3 h5 27. Kh2 h4 28. b5 Rc8 29. bxc6 Rxc6 30. Rb3 Rcc2 31. Rxb7 Rxg2+ 32. Kh1 Rgb2 0-1